 Dungeon Crawl Stone Soup version 0.25-a0-294-gea9b1ad (webtiles) character file.

Game seed: 16922627395186811796, levelgen mode: deterministic

70 Buxparty the Shooter (level 4, 0/38 HPs)
             Began as a Minotaur Hunter on Dec 17, 2019.
             Succumbed to an adder's poison
             ... on level 2 of the Dungeon.
             The game lasted 00:12:59 (1673 turns).

Buxparty the Shooter (Minotaur Hunter)              Turns: 1673, Time: 00:13:01

Health: 0/38       AC:  8    Str: 17    XL:     4   Next: 4%
Magic:  3/3        EV:  7    Int: 12    God:
Gold:   62         SH:  0    Dex: 11    Spells: 3/3 levels left

rFire    . . .     SeeInvis .   b - +0 short sword
rCold    . . .     Gourm    .   (no shield)
rNeg     . . .     Faith    .   q - +0 chain mail
rPois    .         Spirit   .   (helmet restricted)
rElec    .         Reflect  .   (no cloak)
rCorr    .         Harm     .   (no gloves)
MR       .....                  (no boots)
Stlth    ..........             (no amulet)
HPRegen  0.12/turn              e - ring of attention (curse)
MPRegen  0.08/turn              j - +4 ring of intelligence

@: lethally poisoned (0 -> -2)
A: retaliatory headbutt, horns 2
a: no special abilities


You were on level 2 of the Dungeon.
You were full.

You visited 1 branch of the dungeon, and saw 3 of its levels.

You collected 62 gold pieces.

Inventory:

Hand Weapons
 a - a +1 shortbow
 b - a +0 short sword (weapon)
 l - a +0 short sword
 o - a +0 dagger
Armour
 c - a +0 leather armour
 h - a +0 leather armour
 k - a +0 ring mail
 m - a +0 scale mail
 p - a +0 leather armour
 q - a +0 chain mail (worn)
Jewellery
 e - a cursed ring of attention (left hand)
 j - a +4 ring of intelligence (right hand)
Scrolls
 g - 2 scrolls of immolation
 i - a scroll of remove curse
 n - a scroll of identify {unknown}
 s - a scroll of blinking {unknown}
Potions
 r - a potion of agility {unknown}
Comestibles
 f - 2 rations


   Skills:
 + Level 3.0 Fighting
 + Level 5.5 Bows
 + Level 1.7 Armour
 + Level 2.3 Dodging
 + Level 0.8 Stealth


You had 3 spell levels left.
You didn't know any spells.
Your spell library was empty.

Dungeon Overview and Level Annotations

Branches:
Dungeon (3/15)

Altars:
Gozag


Innate Abilities, Weirdness & Mutations

You reflexively headbutt those who attack you in melee.
You have a pair of horns on your head.


Message History

* * * LOW HITPOINT WARNING * * *
You climb upwards.
You feel sick.
There is a stone staircase leading down here.
The adder barely misses you. You furiously retaliate!
You headbutt the adder.
You feel sick. The adder bites you but does no damage.
You feel sick. The adder bites you but does no damage. The adder bites you.
* * * LOW HITPOINT WARNING * * *
You are lethally poisoned!
The adder poisons you!
* * * LOW HITPOINT WARNING * * *
You feel sick.
* * * LOW HITPOINT WARNING * * *
You feel sick. The adder bites you but does no damage.
* * * LOW HITPOINT WARNING * * *
You feel sick. The adder bites you.
* * * LOW HITPOINT WARNING * * *
You die...

#........##.............###......
#........##.................##...
#........##.......<......##.##...
#........####............# #...
#...............##.####..# #...
#.....#.######...#... ..##.##...
#.....#.# ####..###+##..........
#.....#.# #............###.###..
#.....#.# #....@.......# #.# #.#
........# #............# #.###.#
#.....######.....S......# #.#...#
###........#............# #.# #..
..'........#............###.###..
###........#............##.....#.
#........#.....................
#........#................##.#.
#........#...............###.#.


You could see an adder.

Vanquished Creatures
  2 adders (D:2)
  2 oozes (D:2)
  2 worms (D:2)
  A dart slug (D:2)
  A leopard gecko (D:1)
  4 bats
  5 goblins
  3 hobgoblins
  6 kobolds
  A quokka (D:2)
  3 frilled lizards
  4 rats
34 creatures vanquished.

Notes
Turn   | Place    | Note
-------+----------+-------------------------------------------
     0 | D:1      | Buxparty the Minotaur Hunter began the quest for the Orb.
     0 | D:1      | Reached XP level 1. HP: 18/18 MP: 0/0
   300 | D:1      | Reached XP level 2. HP: 25/25 MP: 1/1
   373 | D:2      | Reached skill level 5 in Bows
   965 | D:2      | Reached skill level 1 in Armour
   994 | D:2      | Reached XP level 3. HP: 25/30 MP: 2/2
  1268 | D:2      | Reached XP level 4. HP: 28/38 MP: 3/3
  1643 | D:3      | Found an opulent altar of Gozag.
  1671 | D:2      | HP: 1/38 [adder (2)]
  1673 | D:2      | Succumbed to an adder's poison

Levels and vault maps discovered:
D:1:      evilmike_arrival_grusome_pit, layout_rooms
D:2:      layout_basic, minmay_indecisive_spiral
D:3:      layout_loops_cross, grunt_gozag_statues, minmay_door_square

Skill      XL: |  1  2  3 |
---------------+----------+-----
Bows           | 5 |  5.5
Armour         | 1 |  1.7
Fighting       | 3 |  3.0
Dodging        | |  2.3
Stealth        | |  0.8

Action                   |  1- 3 |  4- 6 || total
-------------------------+-------+-------++-------
Melee: Short sword       |    63 |     3 ||    66
       Headbutt          |    17 |       ||    17
 Fire: Shortbow          |    35 |    12 ||    47
  Use: Potion            |     3 |       ||     3
       Scroll            |     1 |     1 ||     2
  Eat: Ration            |       |     2 ||     2
Armor: Leather armour    |    10 |       ||    10
       Chain mail        |       |    24 ||    24
Dodge: Dodged            |    61 |     7 ||    68

Table legend:
 A = Non-vault XP
 B = Vault XP
 C = Vault XP percentage of total XP
 D = Non-vault monster count
 E = Vault monster count
 F = Vault count percentage of total count
                 A         B        C        D         E       F
            +---------+---------+-------+---------+---------+-------
      Total |      91 |      10 |   9.9 |      30 |       4 |  11.8
            +---------+---------+-------+---------+---------+-------
        D:1 |      16 |       0 |   0.0 |       9 |       0 |   0.0
        D:2 |      74 |      10 |  11.9 |      20 |       4 |  16.7
        D:3 |       1 |       0 |   0.0 |       1 |       0 |   0.0
            +---------+---------+-------+---------+---------+-------
